 Dungeon Crawl Stone Soup version 0.28-a0-465-ge2dae52223 (webtiles) character file.

Game seed: 13618220985046080894

48 PewDiePie the Cutter (level 3, -1/45 HPs)
             Began as a Merfolk Berserker on Sept 14, 2021.
             Was a Believer of Trog.
             Slain by an iguana (13 damage)
             ... on level 4 of the Dungeon.
             The game lasted 00:04:48 (4094 turns).

PewDiePie the Cutter (Merfolk Berserker)            Turns: 4094, Time: 00:04:49

Health: -1/45      AC:  2    Str: 17    XL:     3   Next: 72%
Magic:  3/3        EV: 13    Int:  7    God:    Trog [**....]
Gold:   99         SH:  0    Dex: 13    Spells: 2/2 levels left

rFire   . . .      SeeInvis .   d - +1 long sword (drain)
rCold   + . .      Faith    .   (no shield)
rNeg    . . .      Spirit   .   b - +0 animal skin
rPois   .          Reflect  .   (no helmet)
rElec   .          Harm     .   (no cloak)
rCorr   .          Rampage  .   (no gloves)
Will    .....                   (no boots)
Stlth   ..........              (no amulet)
HPRegen 0.15/turn               f - ring of protection from cold
MPRegen 0.08/turn               (no ring)

@: berserking, very quick
A: (nimble swimmer 2), mertail
a: Renounce Religion, Berserk, Trog's Hand


You were on level 4 of the Dungeon.
You worshipped Trog.
Trog was pleased with you.
You visited 1 branch of the dungeon, and saw 4 of its levels.

You collected 99 gold pieces.

Inventory:

Hand Weapons
 a - a +0 short sword
 d - a +1 long sword of draining (weapon)
Armour
 b - a +0 animal skin (worn)
 h - a +0 leather armour
Jewellery
 f - a ring of protection from cold (left hand)
Scrolls
 c - 3 scrolls of identify
 e - a scroll of teleportation
Potions
 g - a potion of lignification
 i - a potion of heal wounds {unknown}


   Skills:
 + Level 3.8 Fighting
 + Level 4.0(4.2) Short Blades
 + Level 1.2(2.6) Long Blades
 + Level 1.5 Armour
 + Level 3.4 Dodging
 + Level 0.7 Stealth


You had 2 spell levels left.
You didn't know any spells.
Your spell library was empty.

Dungeon Overview and Level Annotations

Branches:
Dungeon (4/15)
 Temple: D:4-7

Altars:


Innate Abilities, Weirdness & Mutations

((You are quick and stealthy near water. (Stealth+, EV+, Speed+++)))
Your lower body shifts to a powerful aquatic tail in water.


Message History

You now have 99 gold pieces (gained 4).
Found a hunting sling.
i - a blue potion
There is a stone staircase leading down here.
You climb downwards.
There is a stone staircase leading up here.
The iguana hisses angrily.
The hobgoblin closely misses you.
You climb upwards.
There is a stone staircase leading down here. 2 orcs come into view.
Found 14 gold pieces.
An orc comes into view. It is wielding a +0 morningstar.
The orc shouts!
You hear a shout!
The orc shouts!
An orc comes into view. It is wielding a +0 short sword.
The orc shouts!
Found a scroll of teleportation.
The teleport trap disappears.
The orc disappears!
The orc reappears nearby!
The orc hits you but does no damage. The orc hits you with a +0 club.
The orc closely misses you.
There is a stone staircase leading down here.
The orc hits you with a +0 club.
You climb downwards.
The hobgoblin hits you.
There is a stone staircase leading up here.
You closely miss the hobgoblin. The iguana completely misses you.
The hobgoblin hits you. The orc misses you.
You slash the hobgoblin!
You kill the hobgoblin!
Trog accepts your kill. The iguana misses you.
The orc hits you but does no damage. The iguana bites you.
The orc hits you with a +0 club.
* * * LOW HITPOINT WARNING * * *
You see here a hobgoblin corpse.
You don't know any spells.
A red film seems to cover your vision as you go berserk!
You feel yourself moving faster!
You feel mighty! The orc misses you. The iguana bites you!
You die...

## . .#
#..#####.###
#...o@...##
###..l....#
#..######
#... .....
#.....
#.##.. #.
### .


You could see an iguana and an orc.

Vanquished Creatures
  A dart slug (D:2)
  2 bats (D:1)
  4 endoplasms
  A giant cockroach (D:1)
  5 goblins
  4 hobgoblins
  2 jackals (D:2)
  5 kobolds
  3 quokkas
  6 ball pythons
  2 frilled lizards
  5 rats
40 creatures vanquished.

Notes
Turn   | Place    | Note
-------+----------+-------------------------------------------
     0 | D:1      | PewDiePie the Merfolk Berserker began the quest for the
                  | Orb.
     0 | D:1      | Reached XP level 1. HP: 18/18 MP: 1/1
   447 | D:1      | Reached XP level 2. HP: 19/24 MP: 2/2
  1113 | D:1      | Reached skill level 4 in Short Blades
  2171 | D:2      | Reached ** piety under Trog
  2602 | D:2      | Reached XP level 3. HP: 23/29 MP: 3/3
  2940 | D:2      | Reached skill level 1 in Long Blades
  4094 | D:4      | Slain by an iguana

Illustrated notes

Levels and vault maps discovered:
D:1:      eino_arrival_water_cross, layout_basic, basic_ecumenical_altar,
          serial_forest, infiniplex_forest_clump_small,
          infiniplex_forest_clump_tiny, infiniplex_forest_clump_small,
          infiniplex_forest_clump_tiny, infiniplex_forest_fountain,
          infiniplex_forest_clump_long, minmay_3d_cube
D:2:      layout_loops_corners
D:3:      layout_basic, corner_web_ring
D:4:      layout_layer_cave, minmay_temple_entry_tees, nicolae_stop_n_shop_1,
          hangedman_decor_push

Skill      XL: |  1  2  3 |
---------------+----------+-----
Dodging        | 3 |  3.4
Short Blades   | 4 |  4.0
Long Blades    | 1 |  1.2
Fighting       | |  3.8
Armour         | |  1.5
Stealth        | |  0.7

Action                   || total
-------------------------++-------
Melee: Short sword       ||    28
       Long sword        ||    73
Invok: Berserk           ||     1
  Use: Potion            ||     2
       Scroll            ||     2
Armor: Animal skin       ||    18
Dodge: Dodged            ||   114

Table legend: (Time is in decaauts)
 A = Elapsed time spent in this place.
 B = Non-inter-level travel time spent in this place.
 C = Inter-level travel time spent in this place.
 D = Time resting spent in this place.
 E = Time spent auto-exploring this place.
 F = Levels seen in this place.
 G = Mean time per level.
                   A        B        C        D        E       F      G
               +--------+--------+--------+--------+--------+-----+--------+
         Total |   4112 |   4112 |      0 |   2130 |   1008 |   4 | 1028.0 |
       Dungeon |   4112 |   4112 |      0 |   2130 |   1008 |   4 | 1028.0 |
               +--------+--------+--------+--------+--------+-----+--------+

Top non-repeatable levels by time:
     D:2: 2622 daAuts
     D:1: 1342 daAuts
     D:3: 140 daAuts
     D:4: 6 daAuts
